Baldwin, neutral male human Healer --------- ------------- |......`| ------------ ##..........`.| |.{.<....# |..........| # |...........| |.......|# |...{.......##### ------.------ -+-------# -----.-.---- # # ## # # # # ### ### ## # # ## ### ### ## ##### `### -+-.-- ### # |....| # ### -|---- |..SSe###@ ##.....| |....| |....| |....| |.|..| |....| |....| ------ ------ Baldwin the Empiric Experience level: 3 Strength: 9 Dexterity: 9 Constitution: 18 Intelligence: 8 Wisdom: 15 Charisma: 17 Health: 34(34) Energy: 23(23) Def: 3 Gold: 1991 Moves: 1904 Dungeon seed: kQItPq9fKbG3knB0 Game ID: Baldwin_1501516709 Your Inventory: Coins $ - 1991 gold pieces Amulets u - an uncursed amulet of unchanging Weapons a - a +0 scalpel (weapon in hand) m - 13 +0 darts (in quiver) r - a +0 orcish dagger t - a +0 silver saber (alternate weapon; not wielded) E - a +0 crossbow Armor e - an uncursed +1 pair of leather gloves (being worn) y - an uncursed +0 orcish helm (being worn) z - an uncursed +1 chain mail Scrolls k - a blessed scroll of create monster l - a blessed scroll of fire q - a cursed scroll of scare monster Spellbooks g - a blessed spellbook of healing h - a blessed spellbook of extra healing i - a blessed spellbook of stone to flesh s - an uncursed spellbook of magic missile Potions c - 3 uncursed potions of healing d - 4 uncursed potions of extra healing o - an uncursed potion of hallucination D - an uncursed potion of oil Rings C - a cursed ring of teleport control Wands f - a wand of sleep (0:8) p - a wand of light (0:11) Tools b - an uncursed stethoscope I - a can of grease (0:8) Gems n - an uncursed worthless piece of blue glass Spells and supernatural/magical abilities: Name Level Category Fail Memory h - healing 1 healing 0% 91% x - extra healing 3 healing 17% 91% S - stone to flesh 3 healing 36% 91% W - pray for help -- divine ? -- Your skills at the end: Fighting Skills Weapon Skills knife [Basic] Spellcasting Skills healing spells [Basic] Final Attributes: You were piously aligned. You were poison resistant. You are dead. Vanquished creatures: a shrieker 2 iguanas a coyote 2 giant rats 2 cave spiders a garter snake a gecko a fox 3 kobolds 3 goblins 3 grid bugs a lichen a kobold zombie 5 newts 27 creatures vanquished. Voluntary challenges: You were an atheist. You used a wielded weapon 31 times, starting on turn 2. You were illiterate. You never genocided any monsters. You never polymorphed an object. You never changed form. You used no wishes. You never split a pudding. You never wrote Elbereth's name. You never violated your personal moral code. Dungeon overview: The Dungeons of Doom: levels 1 to 5 Level 1 a long staircase Level 2 some fountains Level 3 Level 4 stairs to The Gnomish Mines Level 5 <- You were here some fountains The Gnomish Mines: Level 5 stairs to The Dungeons of Doom History has recorded: On T:1 you entered the Dungeons of Doom to retrieve the Amulet of Yendor! On T:295 you reached level 2 of The Dungeons of Doom. On T:416 you advanced to experience level 2. On T:591 you reached level 3 of The Dungeons of Doom. On T:636 you reached level 4 of The Dungeons of Doom. On T:746 you advanced to experience level 3. On T:913 you reached level 1 of The Gnomish Mines. On T:1075 you reached level 5 of The Dungeons of Doom. Score breakdown: Gold: 322 ( 8535 points) Experience: 3 levels ( 7878 points) Exploration: 5 levels ( 10.20%) ( 8660 points) Discoveries: 0 items ( 0.00%) ( 0 points) Valuables value: (no points given unless you survive) Artifact value: 0 ( 0 points) Variety of kills: 14 monsters ( 3.67%) ( 5750 points) Turncount: 1904 turns ( 0 points) Survival: died (score multiplied by 80%) Total score: 24658 Latest messages: You come to. You faint from lack of food. You come to. You don't have anything to eat. You feel better. You faint from lack of food. You come to. You faint from lack of food. You come to. You faint from lack of food. You come to. You faint from lack of food. You come to. You faint from lack of food. You come to. You faint from lack of food. You come to. You faint from lack of food. You come to. You die from starvation. Final status: Goodbye Baldwin the Healer, died of starvation... You starved in The Dungeons of Doom on dungeon level 5 with 24658 points, and 1991 pieces of gold, after 1904 moves. You were level 3 with a maximum of 34 hit points when you starved.